Map: Moebius Facility XX-1

Players

Amix - Winner!

  • Race: Zerg Zerg
  • Spawn Location: 6:00

RobTheWise - Winner!

  • Race: Terran Terran
  • Spawn Location: 5:00

chusux - Winner!

  • Race: Protoss Protoss
  • Spawn Location: 11:00

nachro - Winner!

  • Race: Terran Terran
  • Spawn Location: 12:00

A.I. 4 (Medium)

  • Race: Zerg Zerg
  • Spawn Location: 6:00

A.I. 5 (Medium)

  • Race: Zerg Zerg
  • Spawn Location: 1:00

A.I. 6 (Medium)

  • Race: Zerg Zerg
  • Spawn Location: 12:00

A.I. 7 (Medium)

  • Race: Terran Terran
  • Spawn Location: 7:00

VOD

Have the link to the VOD?

Description

Time

  • Played on: Nov. 24, 2016, 1:24 p.m.
  • Length: 23:04
Show
View Real Time Build Order
Export as new Build Order

Amix Zerg - Winner!

Build Orders: Pool First 

Get SALT Encoding   

  12  0:01  Drone  
  13  0:13  Overlord  
  13  0:19  Drone  
  14  0:31  Drone x2  
  14  0:34  Drone  
  17  0:57  Drone  
  17  1:00  Extractor  
  17  1:03  Drone  
  18  1:11  Drone  
  19  1:20  Spawning Pool  
  19  1:23  Drone  
  19  1:53  Drone  
  20  1:54  Drone  
  20  1:55  Hatchery  
  20  1:58  Hatchery  
  19  2:01  Overlord  
  19  2:06  Drone  
  20  2:12  Metabolic Boost  
  20  2:23  Zergling x2  
  20  2:26  Queen  
  23  2:30  Drone  
  24  2:38  Drone  
  25  2:46  Zergling x2  
  26  2:57  Drone  
  27  3:03  Queen  
  29  3:09  Drone x2  
  29  3:10  Drone  
  32  3:14  Extractor  
  32  3:16  Queen  
  32  3:19  Queen  
  33  3:22  Drone  
  33  3:25  Drone  
  37  3:30  Drone  
  38  3:39  Lair  
  38  3:48  Drone x4  
  42  3:52  Overlord  
  42  4:05  Overlord  
  42  4:06  Overlord  
  42  4:17  Drone x2  
  42  4:18  Drone x5  
  42  4:22  Overlord  
  49  4:29  Baneling Nest  
  48  4:39  Zergling x8  
  48  4:40  Zergling x4  
  48  4:41  Zergling x2  
  48  4:43  Zergling x2  
  56  4:51  Zergling x10  
  60  5:24  Baneling  
  60  5:27  Zergling x2  
  60  5:28  Zergling x24  
  73  5:32  Baneling x7  
  73  5:33  Baneling x16  
  73  5:36  Overlord  
  73  5:40  Overlord  
  73  5:51  Centrifical Hooks  
  73  5:54  Zergling x4  
  73  5:55  Queen  
  77  6:02  Queen  
  77  6:03  Drone  
  77  6:04  Drone x2  
  82  6:05  Drone  
  82  6:08  Extractor  
  82  6:09  Extractor  
  81  6:26  Drone x8  
  89  6:42  Overlord  
  89  6:43  Overlord x5  
  89  6:45  Unknown  
  89  6:48  Pneumatized Carapace  
  89  7:09  Zergling x2  
  89  7:10  Zergling x26  
  89  7:11  Zergling x2  
  103  7:25  Zergling x4  
  103  7:26  Zergling x2  
  105  7:54  Zergling x22  
  105  7:56  Unknown  
  105  8:25  Unknown  
  94  9:33  Unknown  
  90  9:56  Zergling x2  
  90  9:57  Zergling x18  
  90  9:58  Zergling x4  
  101  10:27  Unknown  
  92  11:13  Zergling x10  
  84  11:28  Zergling x2  
  84  11:29  Zergling x12  
  83  11:36  Overlord x2  
  80  11:43  Drone  
  68  12:03  Zergling x4  
  68  12:04  Zergling x8  
  71  12:54  Zergling x6  
  71  12:55  Zergling x12  
  71  12:56  Zergling x14  
  83  13:19  Zergling x18  
  84  13:21  Zergling x4  
  83  13:51  Drone x4  
  83  13:52  Drone  
  83  13:54  Extractor  
  87  13:56  Extractor  
  86  14:02  Overseer  
  86  14:05  Zergling x16  
  93  14:28  Extractor  
  93  14:31  Hatchery  
  90  14:46  Unknown  
  90  14:54  Drone x3  
  90  14:55  Drone x10  
  102  15:08  Zergling x8  
  102  15:09  Zergling x2  
  104  15:24  Unknown  
  98  15:32  Hatchery  
  93  15:42  Baneling x10  
  91  15:43  Baneling x16  
  91  15:44  Baneling x10  
  91  15:47  Zergling x16  
  91  15:48  Zergling x8  
  103  15:56  Hatchery  
  84  16:04  Unknown, Zergling x8  
  84  16:05  Zergling x6  
  91  16:16  Extractor  
  91  16:17  Zergling x2  
  91  16:18  Zergling x8  
  91  16:24  Roach Warren  
  89  16:35  Zergling x8  
  89  16:36  Zergling x12  
  99  16:47  Baneling x6  
  99  16:48  Baneling  
  88  17:08  Roach x9  
  94  17:09  Roach x8  
  94  17:13  Glial Reconstitution  
  109  17:33  Roach x6  
  109  17:34  Roach x10  
  141  17:40  Evolution Chamber  
  140  17:46  Roach x7, Evolution Chamber  
  140  17:47  Roach  
  140  17:48  Evolution Chamber  
  149  18:04  Unknown  
  142  18:43  Roach x3  
  142  18:44  Roach x4  
  142  18:45  Overlord x5  
  142  18:46  Overlord x9  
  142  18:47  Overlord x3  
  122  19:37  Roach x4  
  122  19:38  Roach x6  
  142  19:39  Roach x12  
  142  19:40  Roach x3  
  160  21:53  Ravager x7  
  160  21:54  Ravager x14  
  174  21:55  Ravager x19  
  200  22:49  Extractor  
  200  22:50  Extractor  
  198  23:01  Hatchery  
  198  23:02  Hatchery  
Show
View Real Time Build Order
Export as new Build Order

RobTheWise Terran - Winner!

Build Orders:  

Get SALT Encoding   

  12  0:17  Supply Depot  
  12  0:22  Supply Depot  
  12  0:25  SCV  
  13  0:37  SCV  
  14  0:49  SCV  
  15  1:00  Barracks  
  15  1:06  Barracks  
  15  1:23  Supply Depot  
  15  1:35  Supply Depot  
  15  1:57  Command Center  
  15  2:12  Marine x2  
  17  2:29  Marine  
  17  2:30  Marine  
  17  2:35  SCV  
  20  2:47  Marine x2, SCV  
  23  2:58  Supply Depot  
  23  2:59  SCV  
  23  3:00  Supply Depot  
  23  3:03  Supply Depot  
  24  3:11  SCV  
  25  3:22  Marine x2  
  25  3:23  SCV  
  28  3:37  Engineering Bay  
  28  3:39  Marine  
  28  3:40  Marine  
  30  3:44  Refinery  
  30  3:46  SCV  
  30  3:47  Refinery  
  31  3:57  Marine  
  31  3:58  Marine  
  33  4:03  SCV  
  34  4:15  Marine, SCV  
  36  4:27  SCV  
  37  4:39  SCV  
  38  4:51  SCV  
  39  4:53  Marine  
  39  4:54  Marine  
  41  5:03  SCV  
  42  5:11  Marine  
  42  5:12  Marine  
  44  5:26  Barracks, SCV  
  45  5:28  Barracks  
  45  5:29  Marine, SCV  
  45  5:30  Marine  
  48  5:38  SCV  
  48  5:41  SCV  
  50  5:47  Marine x2  
  52  5:50  SCV  
  53  6:02  SCV  
  54  6:05  Marine x2  
  56  6:13  Command Center  
  56  6:14  SCV  
  57  6:38  Barracks Tech Lab  
  57  6:40  Barracks Tech Lab  
  57  6:42  Barracks Reactor  
  57  6:44  Barracks Reactor  
  39  7:31  SCV  
  40  7:42  Marauder x2  
  40  7:43  Marine, SCV  
  40  7:44  Marine x3  
  49  7:55  SCV x2  
  51  8:01  Marine  
  51  8:02  Marine x3  
  51  8:04  Marauder x2  
  59  8:07  SCV x2  
  61  8:19  Marine x4, SCV x2  
  64  8:25  Marauder x2  
  71  8:31  SCV x2  
  73  8:37  Marine x3  
  76  8:43  SCV  
  76  8:46  Marauder x2  
  75  8:55  SCV  
  75  8:59  Terran Infantry Weapons Level 1  
  76  9:08  Marauder x2  
  78  9:32  Missile Turret  
  76  10:53  Factory, Terran Infantry Armor Level 1  
  76  11:03  Marine x6  
  82  11:20  Marine  
  82  11:21  Marine x5  
  82  11:23  SCV  
  89  11:25  SCV  
  89  11:28  SCV  
  91  11:35  SCV  
  91  11:37  Barracks, SCV  
  91  11:38  Barracks, Marine  
  91  11:39  Marine x5  
  99  11:40  SCV  
  100  11:47  SCV  
  101  12:14  Supply Depot  
  101  12:16  Supply Depot  
  101  12:18  Supply Depot  
  101  12:21  Supply Depot  
  101  12:22  Supply Depot  
  101  12:24  Supply Depot x3  
  101  12:28  Supply Depot  
  101  12:36  Marine x5, SCV x3  
  109  12:38  Marine, Supply Depot  
  109  12:42  Supply Depot  
  110  12:44  Supply Depot  
  110  12:45  Supply Depot  
  110  12:47  Hi-Sec Auto Tracking  
  110  12:48  SCV x3, Supply Depot x2  
  110  12:49  Marine  
  110  12:50  Marine, Supply Depot  
  115  12:53  Marine x2  
  117  13:00  SCV x2  
  119  13:07  Marine  
  119  13:08  Marine  
  121  13:22  Orbital Command  
  121  13:25  Marine x2  
  123  13:36  Starport  
  123  13:42  Starport  
  123  13:43  Marine x2  
  123  13:44  Starport, Building Armor  
  123  13:45  Starport  
  123  13:47  Refinery  
  125  13:49  Refinery  
  125  14:00  Marine  
  125  14:01  Marine  
  127  14:18  Armory  
  127  14:41  Marauder x2  
  127  14:42  Marine  
  127  14:43  Marine x3  
  135  14:52  Starport Tech Lab  
  135  14:53  Starport Tech Lab x3  
  135  15:00  Marine x3  
  135  15:01  Marine  
  135  15:02  Marauder  
  135  15:03  Marauder  
  143  15:07  Terran Vehicle Weapons Level 1  
  143  15:08  Fusion Core  
  143  15:18  Marine x4  
  147  15:24  Marauder x2  
  151  15:36  Marine x4  
  155  15:45  Marauder  
  155  15:46  Marauder  
  159  15:53  Command Center  
  154  16:07  Marauder x2  
  158  16:13  Battlecruiser x3  
  176  16:21  SCV  
  177  16:33  SCV  
  178  16:45  SCV  
  153  16:55  Refinery  
  153  16:57  Refinery, SCV  
  153  16:58  Marine  
  153  16:59  Marine  
  149  17:03  Marine  
  149  17:05  Marauder  
  149  17:06  Marauder, Marine x3  
  157  17:09  SCV  
  156  17:16  Marine x2  
  156  17:21  Marine  
  158  17:23  Terran Vehicle And Ship Armor Level 1  
  158  17:24  Marine x3  
  158  17:26  Marauder  
  158  17:27  Marauder  
  164  17:33  Refinery  
  164  17:34  Marine x2, SCV  
  164  17:35  Refinery  
  165  17:39  Marine  
  165  17:41  Marine  
  165  17:42  Marine x2  
  169  17:46  SCV  
  169  17:48  Marauder x2  
  169  17:50  SCV  
  173  17:51  Marine  
  173  17:52  Marine  
  173  17:57  Marine  
  175  17:59  Marine, SCV  
  175  18:00  Marine x2  
  175  18:03  SCV  
  179  18:09  Marauder, Marine  
  179  18:10  Marauder, Marine  
  179  18:11  SCV  
  185  18:15  SCV  
  186  18:23  SCV  
  188  18:27  Battlecruiser x2, SCV  
  200  19:17  Terran Ship Weapons Level 1  
Show
View Real Time Build Order
Export as new Build Order

chusux Protoss - Winner!

Build Orders:  

Get SALT Encoding   

  12  0:02  Probe (Chrono Boost)  
  13  0:13  Probe (Chrono Boost)  
  14  0:21  Pylon  
  14  0:24  Probe (Chrono Boost)  
  15  0:41  Probe (Chrono Boost), Pylon  
  16  0:52  Probe (Chrono Boost)  
  17  1:01  Assimilator  
  17  1:02  Probe (Chrono Boost)  
  18  1:05  Assimilator  
  18  1:07  Gateway  
  18  1:29  Probe (Chrono Boost)  
  19  1:40  Probe (Chrono Boost)  
  19  1:46  Gateway  
  20  1:50  Probe (Chrono Boost)  
  21  1:55  Pylon  
  21  1:56  Zealot  
  21  1:57  Pylon  
  21  1:59  Pylon  
  23  2:11  Forge  
  23  2:12  Probe (Chrono Boost)  
  24  2:35  Nexus  
  24  2:47  Photon Cannon  
  24  2:49  Zealot  
  26  2:58  Protoss Ground Weapons Level 1  
  26  3:07  Probe (Chrono Boost)  
  27  3:16  Zealot  
  27  3:18  Zealot  
  31  3:34  Photon Cannon  
  31  3:45  Zealot  
  33  4:08  Photon Cannon  
  33  4:12  Photon Cannon  
  33  4:15  Zealot  
  33  4:16  Photon Cannon  
  35  4:18  Probe (Chrono Boost)  
  36  4:29  Probe (Chrono Boost)  
  37  4:40  Zealot  
  37  4:41  Cybernetics Core  
  37  4:42  Zealot  
  41  5:15  Zealot  
  41  5:21  Adept  
  40  5:24  Probe (Chrono Boost)  
  41  5:34  Probe (Chrono Boost)  
  42  5:42  Zealot  
  42  5:45  Probe (Chrono Boost)  
  43  6:07  Probe (Chrono Boost)  
  43  6:09  Zealot  
  46  6:17  Probe (Chrono Boost)  
  48  6:25  Probe (Chrono Boost)  
  48  6:26  Pylon  
  48  6:28  Probe (Chrono Boost)  
  49  6:36  Zealot, Probe (Chrono Boost)  
  52  6:46  Probe (Chrono Boost)  
  53  6:50  Gateway  
  53  6:53  Gateway  
  53  6:57  Probe (Chrono Boost)  
  53  6:58  Adept  
  56  7:03  Zealot  
  56  7:04  Protoss Ground Armor Level 1  
  56  7:07  Protoss Air Armor Level 1, Probe (Chrono Boost)  
  53  7:25  Adept  
  53  7:30  Zealot  
  49  7:52  Adept  
  51  7:59  Gateway  
  51  8:01  Gateway  
  51  8:08  Adept  
  53  8:17  Nexus  
  53  8:19  Adept  
  55  8:35  Adept  
  57  8:44  Probe (Chrono Boost)  
  57  8:46  Adept  
  60  8:57  Photon Cannon  
  60  8:59  Photon Cannon  
  60  9:01  Protoss Air Weapons Level 1, Adept  
  60  9:02  Adept  
  64  9:03  Stalker  
  66  9:13  Zealot  
  68  9:26  Probe (Chrono Boost)  
  68  9:28  Adept  
  68  9:29  Adept  
  73  9:31  Probe (Chrono Boost)  
  73  9:33  Stalker  
  73  9:37  Probe (Chrono Boost)  
  77  9:40  Zealot  
  77  9:42  Protoss Shields Level 1, Probe (Chrono Boost)  
  80  9:47  Probe (Chrono Boost)  
  81  9:55  Adept  
  81  9:56  Adept  
  85  10:03  Stalker  
  87  10:07  Stalker  
  87  10:11  Pylon  
  89  10:22  Adept  
  91  10:33  Stalker  
  93  10:37  Stalker  
  93  10:40  Stargate  
  95  10:49  Adept  
  97  11:01  Twilight Council  
  97  11:03  Stalker, Probe (Chrono Boost)  
  100  11:13  Assimilator  
  101  11:19  Assimilator  
  101  11:35  Probe (Chrono Boost)  
  101  11:59  Pylon  
  101  12:08  Photon Cannon  
  101  12:10  Photon Cannon  
  101  12:17  Zealot x2, Probe (Chrono Boost), Adept, Phoenix  
  101  12:18  Zealot  
  102  12:27  Probe (Chrono Boost)  
  84  12:38  Probe (Chrono Boost)  
  84  12:44  Zealot x2, Adept  
  91  12:45  Zealot  
  77  13:11  Zealot x2, Adept  
  77  13:12  Zealot  
  85  13:19  Charge  
  85  13:26  Protoss Ground Weapons Level 2  
  85  13:38  Stalker, Sentry x2  
  85  13:39  Zealot  
  91  14:04  Zealot  
  91  14:05  Sentry  
  91  14:06  Fleet Beacon, Adept  
  91  14:08  Stalker, Phoenix  
  101  14:33  Nexus  
  101  14:56  Pylon  
  101  14:58  Pylon  
  101  14:59  Blink  
  105  15:14  Zealot x3, Phoenix  
  105  15:16  Probe (Chrono Boost)  
  110  15:27  Probe (Chrono Boost)  
  111  15:37  Probe (Chrono Boost)  
  111  15:39  Phoenix  
  111  15:41  Zealot  
  111  15:42  Protoss Ground Armor Level 2  
  116  15:44  Zealot  
  116  15:48  Probe (Chrono Boost)  
  119  15:52  Stargate  
  119  15:58  Probe (Chrono Boost)  
  119  16:04  Phoenix  
  122  16:08  Zealot, Assimilator  
  122  16:09  Probe (Chrono Boost)  
  125  16:11  Zealot  
  125  16:13  Assimilator  
  127  16:19  Probe (Chrono Boost)  
  128  16:29  Phoenix  
  128  16:30  Probe (Chrono Boost)  
  131  16:33  Assimilator x2  
  131  17:00  Resonating Glaives  
  131  17:04  Gateway  
  131  17:06  Zealot  
  131  17:07  Phoenix  
  131  17:10  Zealot  
  131  17:11  Zealot  
  127  17:20  Pylon  
  127  17:22  Pylon  
  121  17:23  Pylon  
  121  17:26  Pylon  
  121  17:27  Pylon  
  117  17:33  Zealot  
  119  17:37  Zealot  
  119  17:38  Stalker  
  123  17:58  Protoss Shields Level 2  
  123  18:00  Stalker  
  123  18:01  Carrier  
  123  18:04  Stalker  
  133  18:08  Zealot  
  135  18:30  Zealot  
  137  18:34  Zealot  
  137  18:35  Zealot  
  141  18:43  Zealot  
  143  18:57  Zealot  
  143  19:01  Zealot  
  147  19:02  Zealot  
  149  19:11  Zealot, Phoenix  
  153  19:24  Zealot  
  153  19:27  Phoenix  
  153  19:28  Zealot  
  153  19:30  Zealot  
  161  19:36  Phoenix  
  161  19:38  Zealot  
  163  19:51  Zealot  
  161  19:56  Zealot  
  161  19:57  Zealot  
  163  20:05  Zealot  
  153  20:18  Zealot  
  153  20:23  Zealot  
  153  20:24  Zealot  
  153  20:32  Zealot  
  151  20:43  Dark Shrine  
  145  20:59  Adept  
  147  21:08  Carrier  
  153  21:12  Zealot  
  153  21:13  Zealot x2  
  159  21:26  Adept  
  161  21:39  Zealot  
  163  21:40  Zealot x2  
  167  21:53  Adept  
  169  22:07  Zealot  
Show
View Real Time Build Order
Export as new Build Order

nachro Terran - Winner!

Build Orders:  

Get SALT Encoding   

  12  0:05  SCV  
  13  0:24  Supply Depot  
  13  0:43  Supply Depot  
  13  0:58  Barracks  
  13  1:06  Supply Depot  
  13  1:24  SCV  
  14  1:29  Supply Depot  
  14  1:36  SCV  
  15  1:48  SCV  
  16  1:55  Marine, Barracks  
  16  2:01  SCV  
  18  2:13  Marine, SCV  
  20  2:25  SCV  
  20  2:27  Supply Depot  
  21  2:31  Marine  
  22  2:37  SCV  
  22  2:44  Supply Depot  
  23  2:49  Marine x2, SCV  
  26  3:01  SCV  
  27  3:06  Marine x2  
  29  3:13  SCV  
  30  3:21  Supply Depot  
  30  3:22  Supply Depot  
  30  3:24  Marine x2  
  30  3:25  SCV  
  33  3:37  SCV  
  34  3:42  Marine x2  
  34  3:43  Refinery  
  36  4:00  Marine x2  
  38  4:18  Marine x2  
  40  4:35  Marine x2  
  42  4:41  SCV  
  43  4:53  Marine x2, SCV  
  46  5:05  SCV  
  47  5:11  Marine x2  
  49  5:17  SCV  
  50  5:26  Command Center  
  50  5:29  Marine x2  
  50  5:30  SCV  
  53  5:42  SCV  
  50  5:47  Marine x2  
  48  5:54  SCV  
  49  6:06  SCV  
  49  6:09  Reaper  
  49  6:10  Reaper  
  52  6:18  SCV  
  53  6:25  Barracks  
  53  6:30  SCV  
  54  6:38  Barracks x2  
  54  6:39  Barracks  
  54  6:41  Barracks, Marine x2  
  54  6:42  Barracks, SCV  
  54  6:44  Barracks x2  
  54  6:45  Barracks  
  57  6:54  Engineering Bay  
  57  6:59  Marine x2  
  59  7:06  SCV  
  60  7:16  Marine  
  60  7:17  Marine  
  60  7:18  SCV  
  63  7:24  Refinery  
  63  7:31  SCV  
  63  7:34  Marine  
  63  7:35  Marine  
  66  7:43  SCV  
  67  7:53  Refinery  
  67  7:55  SCV  
  67  7:58  Refinery  
  68  8:07  SCV  
  69  8:19  SCV  
  70  8:28  SCV  
  70  8:31  SCV  
  72  8:40  SCV  
  73  8:43  SCV  
  73  8:44  Factory  
  74  8:52  SCV  
  76  8:55  SCV  
  76  9:04  SCV  
  76  9:05  Marine x6  
  76  9:06  Marine x5  
  76  9:07  SCV  
  89  9:16  SCV  
  90  9:19  SCV  
  90  9:22  Marine  
  90  9:23  Marine x2  
  94  9:35  Supply Depot  
  94  9:37  Supply Depot  
  94  9:42  Supply Depot  
  94  9:47  Starport  
  94  9:56  Marine x7  
  94  9:57  SCV  
  94  9:59  Marine x4, SCV  
  107  10:09  SCV  
  107  10:10  Supply Depot  
  107  10:11  SCV  
  107  10:14  Marine x2, Reaper  
  107  10:21  Marine, Supply Depot  
  110  10:23  SCV, Supply Depot  
  110  10:25  Supply Depot  
  110  10:28  Supply Depot  
  110  10:29  Supply Depot  
  110  10:34  SCV  
  110  10:50  SCV, Reaper  
  110  10:51  Missile Turret  
  112  11:02  SCV  
  107  11:06  SCV  
  96  11:23  Hellion  
  71  11:44  Hellion  
  66  11:47  SCV  
  67  11:55  Marine x11  
  67  11:59  SCV  
  79  12:05  Widow Mine  
  81  12:11  SCV  
  81  12:12  Marine  
  81  12:13  Marine x10  
  93  12:23  SCV  
  94  12:30  Marine  
  94  12:31  Marine x2  
  94  12:36  SCV  
  98  12:48  SCV  
  99  13:00  SCV  
  100  13:12  SCV  
  101  13:28  SCV  
  71  14:26  SCV  
  71  14:30  Marine x2  
  60  14:38  SCV  
  59  14:50  SCV  
  60  15:02  SCV  
  61  15:13  Viking  
  63  15:14  SCV  
  64  15:43  Medivac  
  42  15:55  Liberator  
  24  16:06  SCV  
  19  16:18  SCV  
  20  16:31  SCV  
  20  16:43  SCV  
  21  16:55  SCV  
  22  17:07  SCV  
  23  17:19  SCV  
  20  17:31  SCV  
  13  17:43  SCV  
  11  17:54  SCV  
  11  17:55  SCV  
  13  18:06  SCV  
  13  18:07  SCV  
  15  18:13  Barracks Tech Lab  
  15  18:14  Barracks Reactor  
  15  18:15  Barracks Tech Lab  
  15  18:18  SCV  
  15  18:19  SCV  
  17  18:20  Marine x3  
  20  18:30  SCV  
  20  18:32  SCV  
  22  18:42  SCV  
  22  18:44  Marine, SCV  
  22  18:45  Marine x3  
  28  18:54  SCV  
  29  18:56  SCV  
  30  19:06  SCV  
  30  19:08  SCV  
  32  19:38  Command Center  
  32  19:46  Marine x4  
  32  19:51  SCV  
  32  19:52  SCV  
  38  20:04  SCV  
  38  20:47  SCV x2  
  40  20:55  SCV  
  41  20:59  SCV x2  
  43  21:07  SCV  
  44  21:11  SCV x2  
  46  21:19  SCV  
  47  21:31  SCV  
  48  21:43  SCV  
  49  21:55  SCV  
  50  22:07  SCV  
  51  22:19  SCV  
  51  22:22  Marauder x2  
  56  22:31  SCV  
  57  22:44  SCV  
  60  22:50  SCV x2  
Show
View Real Time Build Order
Export as new Build Order

A.I. 4 (Medium) Zerg 

Build Orders: Pool First 

Get SALT Encoding   

  12  0:01  Drone  
  13  0:12  Overlord  
  13  0:18  Drone  
  14  0:31  Drone  
  14  0:33  Drone  
  16  0:42  Spawning Pool  
  15  0:45  Drone  
  15  0:49  Drone  
  17  0:52  Extractor  
  17  0:56  Drone  
  17  1:06  Overlord  
  17  1:31  Queen, Zergling x2  
  20  1:34  Zergling x2  
  20  1:37  Roach Warren  
  20  1:39  Drone, Extractor  
  20  1:50  Drone  
  20  1:52  Baneling Nest  
  20  2:01  Drone  
  21  2:11  Drone  
  22  2:21  Zergling x2  
  23  2:32  Zergling x2  
  23  2:35  Baneling  
  23  2:36  Baneling  
  24  2:37  Overlord  
  24  2:38  Zergling x2  
  24  2:41  Zergling x2  
  26  2:44  Zergling x2  
  27  2:55  Zergling x2  
  27  2:58  Baneling x2  
  28  3:05  Zergling x2  
  28  3:09  Drone  
  28  3:10  Evolution Chamber, Zergling x2  
  31  3:12  Drone  
  31  3:17  Drone  
  32  3:27  Overlord  
  32  3:38  Drone  
  33  3:41  Drone  
  33  3:44  Drone  
  33  3:47  Drone  
  36  3:58  Zergling x2  
  36  4:51  Roach, Lair, Overlord  
  36  4:52  Drone  
  39  5:03  Drone, Spore Crawler  
  39  5:04  Roach  
  40  5:09  Drone  
  41  5:17  Overlord  
  41  5:19  Ravager  
  39  5:22  Roach  
  35  5:29  Spore Crawler  
  35  5:32  Drone  
  35  5:34  Zergling x2  
  36  5:35  Hatchery  
  35  5:47  Ravager  
  36  5:50  Overseer  
  36  5:51  Overseer  
  36  5:54  Drone, Hydralisk Den  
  36  5:57  Drone  
  37  6:01  Roach  
  39  6:10  Drone, Spine Crawler  
  39  6:21  Spine Crawler  
  39  6:22  Drone  
  39  6:23  Hydralisk  
  41  6:28  Queen  
  43  6:36  Hydralisk  
  43  6:38  Infestation Pit  
  44  6:49  Drone, Hydralisk  
  44  6:50  Spire  
  44  6:53  Drone  
  47  6:57  Drone  
  48  7:02  Drone, Hydralisk  
  48  7:05  Drone  
  52  7:09  Drone  
  52  7:12  Drone  
  52  7:15  Drone  
  55  7:18  Drone  
  55  7:21  Drone  
  57  7:26  Drone  
  57  7:29  Drone, Spore Crawler  
  58  7:32  Drone  
  58  7:35  Drone  
  60  7:38  Drone  
  60  7:40  Overlord  
  60  7:41  Drone  
  62  7:49  Spore Crawler  
  62  7:51  Drone  
  62  7:53  Queen  
  62  7:54  Drone  
  62  7:58  Drone  
  66  8:01  Drone  
  66  8:04  Drone, Evolution Chamber  
  53  8:05  Hydralisk  
  34  8:19  Zergling x2  
  35  8:22  Drone  
  35  8:26  Drone  
  37  8:29  Drone  
  37  8:33  Drone, Roach  
  41  8:36  Drone  
  41  8:39  Drone  
  43  8:42  Drone  
  43  8:46  Hydralisk  
  43  8:47  Drone  
  47  8:52  Drone  
  47  8:55  Drone  
  49  8:58  Drone  
  49  8:59  Roach  
  52  9:03  Drone  
  53  9:11  Hydralisk  
  55  9:23  Hydralisk  
  52  9:26  Pneumatized Carapace  
  52  9:29  Overseer  
  52  9:36  Zergling x2  
  53  9:52  Roach  
  47  10:02  Overlord  
  47  10:03  Hydralisk  
  47  10:04  Overseer  
  38  10:09  Drone, Hive  
  27  10:16  Hatchery  
  27  10:18  Ravager  
  19  10:48  Drone  
  10  10:56  Drone x2  
  4  10:57  Drone  
  4  10:58  Drone  
  4  11:04  Drone  
  5  11:07  Drone  
  6  11:18  Drone  
  6  11:21  Drone  
  6  11:25  Drone  
  6  11:29  Drone  
  8  11:34  Drone  
  8  11:37  Drone  
  9  11:41  Ultralisk Cavern  
  8  12:29  Drone  
  7  12:32  Drone  
  8  12:56  Drone  
  8  12:59  Drone  
  9  13:15  Spawning Pool  
  8  14:04  Queen  
Show
View Real Time Build Order
Export as new Build Order

A.I. 5 (Medium) Zerg 

Build Orders: Pool First 

Get SALT Encoding   

  12  0:01  Drone  
  13  0:12  Overlord  
  13  0:17  Drone  
  14  0:30  Drone  
  14  0:33  Drone  
  16  0:43  Spawning Pool  
  16  0:46  Drone  
  17  0:50  Drone  
  17  0:53  Extractor  
  17  0:55  Drone  
  17  1:06  Overlord  
  17  1:31  Zergling x2  
  17  1:32  Queen  
  20  1:38  Drone, Roach Warren  
  20  1:45  Extractor  
  19  1:47  Zergling x2  
  19  1:49  Drone  
  21  2:00  Drone  
  22  2:10  Overlord  
  22  2:21  Roach  
  24  2:37  Roach  
  24  2:38  Overlord  
  26  2:53  Roach  
  28  3:02  Drone  
  29  3:07  Drone  
  29  3:08  Roach  
  32  3:15  Overlord  
  32  3:20  Drone  
  32  3:24  Drone, Roach  
  36  3:31  Drone  
  37  3:42  Drone, Baneling Nest, Roach  
  37  3:45  Drone  
  40  3:51  Evolution Chamber  
  40  3:53  Drone  
  40  3:57  Roach  
  42  4:13  Roach  
  44  5:20  Zergling x2  
  44  6:30  Lair  
  44  6:31  Overlord  
  44  6:35  Spore Crawler  
  44  6:38  Spore Crawler, Hatchery  
  44  6:39  Drone  
  42  6:42  Evolution Chamber  
  42  6:43  Drone  
  42  6:45  Drone  
  43  6:56  Zergling x2  
  40  7:04  Spine Crawler  
  31  7:09  Roach, Spine Crawler  
  31  7:10  Drone  
  31  7:22  Roach  
  31  7:27  Queen  
  33  7:30  Overseer x2  
  33  7:32  Infestation Pit  
  33  7:33  Drone  
  33  7:34  Hydralisk Den  
  33  7:35  Roach  
  33  7:36  Drone  
  33  7:37  Spire  
  33  7:39  Drone  
  33  7:48  Roach  
  35  7:51  Drone, Queen  
  35  7:54  Drone  
  35  7:58  Drone  
  40  7:59  Extractor  
  40  8:01  Drone, Roach, Spore Crawler  
  40  8:04  Drone  
  40  8:05  Spore Crawler  
  41  8:08  Drone  
  41  8:11  Drone  
  43  8:14  Drone, Roach  
  43  8:17  Drone  
  48  8:20  Drone  
  48  8:23  Drone  
  48  8:26  Drone  
  50  8:27  Hydralisk  
  50  8:28  Drone  
  50  8:31  Spine Crawler  
  50  8:32  Drone  
  53  8:35  Drone  
  53  8:38  Drone, Overlord  
  55  8:41  Hydralisk  
  55  8:48  Drone  
  58  8:50  Spine Crawler  
  58  8:52  Drone  
  58  8:56  Drone, Hydralisk  
  58  8:59  Drone  
  58  9:02  Drone  
  63  9:05  Drone  
  63  9:08  Drone  
  65  9:10  Hydralisk, Overlord  
  65  9:12  Drone  
  68  10:33  Extractor  
  67  10:55  Drone  
  68  10:58  Drone  
  68  10:59  Overseer  
  68  11:00  Overlord  
  69  11:11  Corruptor  
  69  11:12  Hive  
  69  11:13  Pneumatized Carapace  
  69  11:17  Overseer  
  70  11:19  Zerg Melee Weapons Level 1  
  70  11:20  Zerg Ground Armor Level 1, Overlord  
  70  11:24  Infestor  
  70  11:34  Hatchery  
  70  11:38  Zergling x2  
  70  11:51  Corruptor  
  58  11:56  Burrow  
  54  12:04  Infestor  
  56  12:30  Greater Spire, Ultralisk Cavern  
  56  12:34  Zergling x2  
  53  12:47  Infestor  
  53  12:48  Drone  
  53  12:49  Queen  
  58  12:51  Drone  
  58  12:54  Drone  
  58  12:58  Drone  
  59  13:00  Corruptor  
  59  13:01  Drone  
  59  13:04  Drone  
  63  13:07  Drone  
  63  13:10  Drone  
  66  13:12  Drone  
  66  13:13  Zerg Missile Weapons Level 1  
  66  13:14  Extractor  
  66  13:16  Drone, Spore Crawler  
  66  13:18  Overseer  
  66  13:19  Drone  
  66  13:22  Drone  
  66  13:25  Drone  
  68  13:28  Drone  
  68  13:29  Spore Crawler  
  68  13:31  Drone  
  68  13:34  Drone  
  70  13:37  Drone  
  71  13:41  Zergling x2  
  71  13:43  Extractor  
  71  13:44  Drone  
  71  13:47  Spire  
  71  13:48  Drone  
  71  13:54  Infestor  
  69  14:00  Spine Crawler  
  69  14:01  Drone  
  69  14:04  Spine Crawler  
  69  14:05  Drone  
  69  14:07  Corruptor  
  71  14:30  Zergling x2  
  71  14:35  Drone  
  71  14:36  Queen  
  65  14:38  Drone  
  65  14:41  Drone  
  65  14:42  Infestor  
  65  14:44  Drone  
  61  14:47  Drone  
  61  14:50  Drone  
  54  14:53  Drone  
  54  14:55  Infestor  
  54  14:56  Drone  
  54  14:58  Overlord  
  54  14:59  Zerg Melee Weapons Level 2  
  56  15:01  Drone  
  56  15:02  Roach  
  56  15:04  Drone  
  61  15:07  Zerg Ground Armor Level 2, Roach  
  61  15:12  Roach  
  63  15:16  Overlord  
  63  15:17  Roach  
  65  15:22  Infestor  
  65  15:27  Infestor  
  68  15:32  Infestor  
  68  15:34  Overlord  
  70  15:36  Zerg Flyer Weapons Level 1  
  70  15:37  Hydralisk, Overseer  
  74  15:42  Roach  
  74  15:47  Zergling x2  
  75  15:52  Overlord  
  75  15:53  Roach  
  77  15:58  Roach  
  77  16:03  Roach  
  71  16:09  Infestor  
  67  16:13  Overlord  
  67  16:14  Infestor  
  69  16:20  Infestor  
  69  16:24  Viper  
  69  16:25  Infestor  
  76  16:30  Infestor  
  78  16:35  Roach  
  79  16:40  Infestor  
  79  16:45  Infestor  
  73  16:51  Roach  
  75  16:56  Roach  
  75  17:01  Roach  
  75  17:06  Hydralisk  
  77  17:11  Zergling x2  
  78  17:17  Roach  
  78  17:18  Zerg Melee Weapons Level 3  
  78  17:20  Overlord  
  78  17:21  Hydralisk  
  77  17:26  Zerg Ground Armor Level 3  
  77  17:27  Roach  
  77  17:32  Roach  
  69  17:37  Infestor  
  69  17:42  Infestor  
  64  17:44  Infestor  
  64  17:47  Infestor  
  64  17:53  Roach  
  66  17:58  Roach  
  66  18:03  Roach  
  68  18:08  Roach  
  64  18:13  Roach  
  64  18:18  Zergling x2  
  67  18:23  Infestor  
  67  18:25  Hatchery  
  68  18:29  Roach  
  68  18:34  Hydralisk  
  66  18:40  Roach  
  70  18:48  Infestor  
  70  18:54  Roach  
  74  18:59  Roach  
  76  19:07  Hydralisk  
  78  19:16  Hydralisk  
  78  19:22  Zergling x2  
  66  19:28  Roach  
  54  19:34  Roach  
  56  19:40  Roach  
  56  19:44  Drone  
  56  19:45  Roach  
  56  19:46  Roach  
  36  19:52  Roach  
  36  19:53  Zergling x2  
  19  20:01  Roach  
Show
View Real Time Build Order
Export as new Build Order

A.I. 6 (Medium) Zerg 

Build Orders: Pool First 

Get SALT Encoding   

  12  0:01  Drone  
  13  0:13  Overlord  
  13  0:18  Drone  
  14  0:31  Drone  
  14  0:34  Drone  
  16  0:43  Spawning Pool  
  16  0:45  Drone  
  16  0:50  Drone  
  16  0:53  Extractor  
  16  0:56  Drone  
  17  1:06  Overlord  
  17  1:31  Zergling x2  
  17  1:32  Queen  
  20  1:39  Drone  
  21  1:40  Roach Warren  
  21  1:41  Zergling x2  
  21  1:42  Extractor  
  20  1:49  Drone  
  21  2:00  Drone  
  22  2:17  Overlord  
  22  2:22  Roach  
  24  2:32  Roach  
  26  2:39  Overlord  
  26  2:42  Roach  
  28  2:51  Drone, Roach  
  31  2:55  Drone  
  32  3:06  Drone  
  32  3:11  Drone, Roach  
  36  3:14  Drone  
  36  3:18  Drone  
  38  3:28  Overlord  
  38  3:30  Baneling Nest  
  37  3:38  Evolution Chamber  
  37  3:39  Roach  
  38  3:43  Drone  
  38  3:46  Drone  
  40  5:04  Drone, Lair  
  40  5:06  Overlord  
  41  5:07  Drone  
  42  5:14  Spore Crawler  
  42  5:15  Drone  
  42  5:17  Spore Crawler  
  42  5:19  Drone  
  41  5:27  Evolution Chamber, Hatchery  
  34  5:47  Zergling x2  
  27  6:00  Drone, Roach  
  27  6:01  Queen  
  32  6:04  Overseer x2  
  32  6:07  Infestation Pit  
  32  6:08  Drone  
  32  6:09  Hydralisk Den  
  31  6:11  Drone, Spire  
  31  6:12  Roach  
  31  6:14  Drone  
  34  6:24  Roach  
  36  6:36  Roach  
  36  6:38  Drone, Spine Crawler  
  38  6:41  Drone  
  38  6:44  Drone  
  40  6:47  Drone  
  40  6:49  Roach  
  40  6:52  Drone  
  44  6:56  Drone  
  44  6:59  Drone  
  44  7:00  Infestor  
  48  7:02  Drone  
  48  7:07  Drone  
  50  7:11  Drone  
  51  7:16  Spine Crawler  
  51  7:18  Drone  
  51  7:20  Spore Crawler  
  51  7:21  Hydralisk, Overseer  
  51  7:22  Drone  
  53  7:25  Overlord  
  53  7:28  Drone  
  54  7:31  Drone  
  54  7:34  Drone  
  56  7:41  Drone, Spore Crawler  
  56  7:43  Infestor  
  58  7:45  Queen  
  58  7:49  Overlord  
  58  7:50  Drone  
  61  7:53  Drone  
  61  7:56  Drone  
  63  7:59  Drone  
  63  8:03  Drone  
  65  8:06  Spine Crawler  
  65  8:07  Drone  
  65  8:11  Spine Crawler  
  64  8:14  Drone  
  65  8:30  Overseer  
  65  8:31  Overlord  
  64  8:41  Zergling x2  
  65  8:58  Extractor  
  64  9:04  Extractor  
  63  9:10  Hydralisk  
  63  9:11  Pneumatized Carapace  
  63  9:12  Overseer  
  63  9:14  Zerg Melee Weapons Level 1, Overlord  
  63  9:15  Zerg Ground Armor Level 1  
  63  9:16  Burrow  
  65  9:19  Hydralisk  
  55  9:28  Roach  
  52  9:36  Roach  
  52  9:37  Overlord  
  54  9:40  Hatchery  
  54  9:45  Roach  
  55  9:53  Roach  
  57  10:01  Roach  
  57  10:02  Drone  
  57  10:06  Overlord  
  60  10:09  Drone, Roach  
  63  10:17  Roach  
  65  10:23  Hive  
  65  10:25  Roach  
  67  10:33  Roach  
  69  10:41  Roach  
  71  10:49  Zergling x2  
  72  10:52  Drone  
  72  10:54  Queen  
  72  10:56  Drone  
  76  10:57  Infestor  
  76  11:00  Drone, Overseer  
  76  11:01  Overlord  
  79  11:04  Drone  
  79  11:05  Hydralisk  
  79  11:07  Overseer  
  79  11:08  Zerg Missile Weapons Level 1  
  79  11:09  Extractor  
  81  11:12  Spore Crawler  
  81  11:14  Hydralisk  
  81  11:16  Spore Crawler  
  81  11:19  Extractor  
  81  11:20  Overlord  
  81  11:21  Drone  
  81  11:22  Infestor  
  81  11:24  Drone  
  84  11:28  Drone  
  84  11:29  Overseer  
  85  11:37  Overseer  
  85  11:38  Overlord  
  85  11:39  Ultralisk Cavern  
  84  11:45  Spine Crawler  
  83  11:49  Spine Crawler  
  83  11:50  Greater Spire  
  82  11:56  Hydralisk  
  82  11:57  Drone, Overlord  
  82  12:00  Drone  
  86  12:03  Drone  
  86  12:04  Hydralisk  
  86  12:06  Drone  
  90  12:14  Hydralisk  
  89  12:16  Zergling x2  
  89  12:17  Drone, Overlord  
  89  12:19  Roach  
  89  12:20  Drone  
  88  12:23  Drone  
  88  12:24  Roach  
  88  12:26  Drone  
  88  12:29  Drone  
  89  12:32  Infestor  
  89  12:33  Drone  
  89  12:35  Drone  
  89  12:36  Overlord  
  91  12:39  Drone  
  91  12:40  Roach  
  91  12:41  Roach  
  91  12:42  Drone, Roach  
  93  12:48  Roach  
  91  12:52  Infestor  
  91  12:56  Roach  
  89  12:59  Overlord  
  89  13:00  Overseer  
  89  13:04  Spire, Hydralisk  
  89  13:05  Drone  
  91  13:12  Hydralisk  
  78  13:21  Roach  
  78  13:22  Overseer  
  78  13:24  Overlord  
  78  13:29  Roach  
  78  13:37  Roach  
  80  13:45  Hydralisk  
  82  13:50  Overlord, Zergling x2  
  82  13:51  Viper  
  86  13:55  Hydralisk  
  86  13:56  Zerg Melee Weapons Level 2  
  86  14:01  Hydralisk, Overseer  
  90  14:06  Hydralisk, Overseer  
  90  14:09  Overlord  
  92  14:12  Roach  
  85  14:18  Roach  
  85  14:19  Overseer  
  85  14:23  Roach  
  89  14:26  Zerg Ground Armor Level 2  
  89  14:29  Roach  
  89  14:31  Overlord  
  91  14:35  Roach  
  93  14:39  Infestor  
  93  14:45  Ultralisk  
  101  14:46  Zerg Flyer Weapons Level 1  
  101  14:50  Roach  
  101  14:51  Overlord  
  103  14:56  Zergling x2  
  103  14:58  Zerg Flyer Armor Level 1  
  104  15:01  Roach  
  104  15:06  Roach  
  108  15:10  Overlord  
  108  15:11  Roach  
  110  15:43  Hatchery  
  109  15:56  Zergling x2  
  109  16:02  Roach  
  89  16:07  Roach  
  91  16:12  Zerg Missile Weapons Level 2, Roach  
  91  16:13  Overlord, Overseer  
  91  16:18  Roach  
  95  16:23  Roach  
  97  16:27  Hydralisk  
  97  16:29  Overseer  
  97  16:32  Overlord  
  99  16:34  Roach  
  99  16:39  Roach  
  103  16:41  Zerg Flyer Weapons Level 2  
  103  16:42  Zerg Melee Weapons Level 3  
  103  16:44  Ultralisk  
  109  16:54  Zerg Flyer Armor Level 2  
  109  16:56  Hydralisk  
  109  16:57  Roach  
  109  16:58  Drone, Queen  
  112  17:01  Hydralisk  
  112  17:03  Viper  
  112  17:05  Roach  
  112  17:06  Infestor, Overseer  
  100  17:09  Drone x2  
  100  17:12  Hydralisk  
  96  17:17  Roach  
  96  17:20  Drone  
  100  17:22  Roach  
  100  17:23  Drone, Overlord  
  100  17:24  Overseer  
  100  17:28  Roach  
  99  17:32  Infestor  
  99  17:35  Drone x2  
  99  17:36  Extractor  
  88  17:38  Infestor  
  88  17:39  Drone x2  
  88  17:40  Spore Crawler  
  88  17:41  Overlord  
  89  17:47  Drone  
  89  17:48  Roach  
  89  17:49  Overseer  
  90  17:53  Spore Crawler  
  90  17:55  Extractor  
  90  17:57  Roach  
  89  18:02  Overlord  
  75  18:06  Hydralisk  
  71  18:13  Drone  
  71  18:16  Zergling x2  
  67  18:22  Overseer  
  67  18:24  Drone  
  67  18:25  Roach  
  64  18:28  Drone  
  62  18:35  Roach  
  63  18:44  Drone, Roach  
  63  18:46  Roach  
  63  18:48  Drone  
  66  18:54  Roach  
  64  18:56  Drone  
  64  18:58  Overlord  
  64  18:59  Drone  
  64  19:02  Drone  
  58  19:03  Ultralisk  
  58  19:05  Drone  
  58  19:08  Drone  
  56  19:12  Roach  
  56  19:19  Roach  
  56  19:26  Drone, Roach  
  56  19:28  Drone  
  58  19:32  Drone  
  58  19:33  Roach  
  58  19:35  Drone  
  53  19:40  Drone, Mutalisk  
  53  19:43  Drone  
  52  19:46  Drone  
  52  19:48  Roach  
  52  19:49  Drone  
  52  19:52  Drone  
  50  19:55  Drone, Mutalisk  
  45  20:02  Drone  
  45  20:03  Roach  
  45  20:06  Drone  
  41  20:10  Roach  
  41  20:13  Drone  
  37  20:16  Drone, Mutalisk  
  37  20:19  Drone  
  40  20:22  Drone  
  40  20:25  Roach  
  40  20:26  Drone  
  42  20:29  Drone  
  42  20:32  Drone, Zergling x2  
  42  20:35  Drone  
  39  20:38  Drone  
  39  20:39  Mutalisk  
  39  20:40  Drone  
  39  20:43  Drone  
  39  20:46  Drone  
  39  20:47  Roach  
  40  20:52  Drone  
  40  20:53  Mutalisk, Overseer  
  40  20:55  Drone  
  38  20:58  Drone  
  38  21:01  Drone, Zergling x2  
  38  21:04  Drone  
  38  21:06  Evolution Chamber  
  38  21:07  Drone  
  38  21:08  Mutalisk  
  38  21:10  Drone  
  37  21:12  Overlord  
  25  21:41  Drone  
  18  21:49  Overlord  
  9  22:13  Spawning Pool  
  8  22:41  Drone  
  9  22:44  Drone  
Show
View Real Time Build Order
Export as new Build Order

A.I. 7 (Medium) Terran 

Build Orders:  

Get SALT Encoding   

  12  0:01  SCV  
  13  0:13  SCV  
  14  0:20  Supply Depot  
  14  0:25  SCV  
  15  0:41  SCV  
  16  0:43  Barracks  
  16  0:50  Refinery  
  16  0:53  SCV  
  17  1:05  SCV  
  18  1:15  Supply Depot  
  18  1:31  Marine  
  19  1:34  Barracks, Orbital Command  
  19  1:43  Refinery  
  19  1:52  Marine  
  19  1:53  Factory  
  20  2:11  Barracks Tech Lab  
  20  2:27  Supply Depot  
  20  2:29  Marine  
  21  2:46  Marine  
  22  3:03  Marauder, Supply Depot  
  24  3:12  SCV  
  25  3:19  Hellion  
  27  3:24  SCV  
  27  3:25  Engineering Bay  
  28  3:36  SCV  
  28  3:41  Hellion  
  31  3:48  SCV  
  32  3:51  Supply Depot  
  32  3:53  Marauder  
  34  4:00  SCV  
  35  4:09  Hellion  
  37  4:12  SCV  
  38  4:31  Hellion  
  40  4:52  Hellion  
  42  5:19  SCV  
  42  6:56  Barracks Tech Lab  
  42  6:57  Marine  
  42  7:00  Factory, Factory Tech Lab  
  43  7:03  Missile Turret  
  43  7:04  Command Center  
  43  7:07  Missile Turret  
  43  7:09  Sensor Tower  
  43  7:11  Ghost Academy  
  43  7:14  Armory  
  45  7:16  Marauder  
  45  7:18  Starport  
  45  7:20  Supply Depot  
  45  7:21  Marauder  
  43  7:26  Barracks  
  43  7:32  Bunker  
  43  7:36  Marine  
  44  7:41  Marine  
  44  7:43  Factory Tech Lab  
  31  7:54  Marine  
  31  7:55  Starport Tech Lab  
  32  8:01  Marine  
  33  8:12  Marine  
  34  8:13  Raven  
  34  8:14  Barracks Reactor  
  34  8:17  SCV  
  34  8:20  SCV  
  34  8:22  Marauder  
  34  8:25  Refinery  
  30  8:29  SCV  
  30  8:30  Hellion  
  30  8:32  SCV  
  30  8:33  Missile Turret  
  30  8:36  Refinery  
  30  8:37  Hellion  
  20  8:41  SCV  
  20  8:45  SCV, Missile Turret  
  19  8:51  Hellion  
  19  8:53  SCV  
  14  8:56  Viking  
  14  8:57  SCV  
  12  9:03  Marauder  
  12  9:05  SCV  
  16  9:13  Marine  
  14  9:17  SCV  
  14  9:23  Marine  
  14  9:33  Marine  
  15  9:40  SCV  
  11  9:46  Marauder  
  11  9:52  SCV  
  11  9:55  Command Center  
  11  9:56  Marine  
  12  10:05  SCV  
  13  10:27  SCV  
  7  10:39  SCV  
  8  10:50  Marine  
  8  10:51  SCV  
  10  11:03  SCV  
  10  11:04  Marine  
  10  11:10  SCV  
  11  11:17  SCV  
  12  11:23  SCV  
  7  11:45  SCV  
Tags
 
Add a new tag
Caveats
  • Supply blocks, unpowered buildings, or Contaminate may cause inaccurate times.
  • Supply counts are checked every 10 seconds.